 Dungeon Crawl Stone Soup version 0.19.1 (webtiles) character file.

32 Firecrotchwizard the Digger (level 3, 0/19 HPs)
             Began as a Gargoyle Earth Elementalist on Dec 9, 2016.
             Slain by a hobgoblin
             ... wielding a +0 club
              (2 damage)
             ... on level 1 of the Dungeon.
             The game lasted 00:03:43 (1025 turns).

Firecrotchwizard the Digger (GrEE)                  Turns: 1025, Time: 00:03:44

Health: 0/19       AC:  5    Str: 11    XL:     3   Next: 25%
Magic:  2/6        EV: 12    Int: 16    God:
Gold:   31         SH:  0    Dex: 10    Spells: 2 memorised, 2 levels left

rFire  . . .     SeeInvis .     j - +0 mace
rCold  . . .     Gourm    .     c - +0 robe
rNeg   + . .     Faith    .     (no shield)
rPois  ∞         Spirit   .     (no helmet)
rElec  +         Reflect  .     (no cloak)
rCorr  .         Harm     .     (no gloves)
MR     .....                    (no boots)
Stlth  ++........               (no amulet)
                                (no ring)
                                (no ring)

@: very slightly contaminated
A: negative energy resistance 1, electricity resistance, unbreathing,
petrification resistance, rot immunity, AC +3
a: no special abilities


You were on level 1 of the Dungeon.
You were hungry.

You visited 1 branch of the dungeon, and saw 1 of its levels.

You collected 31 gold pieces.

Inventory:

Hand Weapons
 f - a +0 club
 j - a +0 mace (weapon)
Missiles
 b - 38 stones (quivered)
Armour
 c - a +0 robe (worn)
Scrolls
 h - 2 scrolls of identify {unknown}
 i - a scroll of remove curse {unknown}
 k - a scroll of fog {unknown}
Potions
 a - 2 potions of curing {unknown}
Books
 e - a book of Geomancy

   Spells                             Type                      Level
   a - Sandblast                      Earth                        1
   b - Passwall                       Transmutation/Earth          2
   c - Stone Arrow                    Conjuration/Earth            3
   d - Petrify                        Transmutation/Earth          4
   e - Lee's Rapid Deconstruction     Earth                        5
Comestibles
 d - a bread ration
 g - a slice of pizza


   Skills:
 + Level 1.8 Dodging
 + Level 2.4 Stealth
 * Level 2.4 Spellcasting
   Level 0.7 Transmutations
 * Level 4.3 Earth Magic


You had 2 spell levels left.
You knew the following spells:

 Your Spells              Type           Power        Failure   Level  Hunger
a - Sandblast             Erth           ###...       4%          1    #......
b - Stone Arrow           Conj/Erth      #.....       28%         3    ###....


Dungeon Overview and Level Annotations

Branches:
Dungeon (1/15)

Altars:


Innate Abilities, Weirdness & Mutations

You are resistant to torment.
Your stone body is resilient. (AC +3)
You are immune to poison.
You resist negative energy. (rN+)
You are resistant to electric shocks. (rElec)
You can survive without breathing.
You are immune to petrification.
You are immune to rotting.


Message History

Confirm with . or Enter, or press ? or * to list all spells.
Aiming: Sandblast
Press: ? - help, Shift-Dir - straight line, f - jackal
Aim: a jackal The blast of sand hits the jackal.
You kill the jackal!
Casting: Sandblast
Confirm with . or Enter, or press ? or * to list all spells.
You don't know that spell.
You barely miss the rat. The rat misses you.
You barely miss the rat. The rat bites you. The rat barely misses you.
You hit the rat.
You kill the rat!
The hobgoblin hits you with a club.
* * * LOW HITPOINT WARNING * * *
You hit the hobgoblin but do no damage. The hobgoblin hits you with a club.
* * * LOW HITPOINT WARNING * * *
You barely miss the hobgoblin. The hobgoblin misses you.
You closely miss the hobgoblin. The hobgoblin hits you with a club.
You die...

........................##.......
...................#...>.###.....
..............##...#.....###.....
..............##...#.............
..............#..................
.............##..................
......................†..........
......†..#.....#..#.........#....
..#####..#.....#@†#..........#'##
..# #..##..)##g###......##.#.#
..# ##.g#†..#..#.#......##.#.#
..######..##.##.##.##.....##.#.#
........r..#)#..#...#.....##.#.#
#######..h.###.##...##....##.#.##
#....h#..#.....#.#####.....
##.†..#..#.....#.# ###.##
#...............# #.##


You could see a hobgoblin.

Vanquished Creatures
  An ooze (D:1)
  A leopard gecko (D:1)
  4 bats (D:1)
  A giant cockroach (D:1)
  A goblin (D:1)
  A hobgoblin (D:1)
  4 jackals (D:1)
  5 frilled lizards (D:1)
  3 kobolds (D:1)
  7 rats (D:1)
28 creatures vanquished.

Notes
Turn   | Place    | Note
-------+----------+-------------------------------------------
     0 | D:1      | Firecrotchwizard the Gargoyle Earth Elementalist began the quest for the Orb.
     0 | D:1      | Reached XP level 1. HP: 10/10 MP: 3/3
   224 | D:1      | Reached XP level 2. HP: 15/15 MP: 5/5
   622 | D:1      | Reached skill level 4 in Earth Magic
   898 | D:1      | Reached XP level 3. HP: 18/19 MP: 6/6
   903 | D:1      | Learned a level 3 spell: Stone Arrow
  1025 | D:1      | Slain by a hobgoblin

Skill      XL: |  1  2 |
---------------+-------+-----
Earth Magic    | 4 |  4.3
Dodging        | |  1.8
Stealth        | |  2.4
Spellcasting   | |  2.4
Transmutations | |  0.7

Action                   || total
-------------------------++-------
Melee: Unarmed           ||    28
       Club              ||    54
       Mace              ||    28
 Cast: Sandblast         ||    17
 Stab: Sleeping          ||     5
Armor: Robe              ||    75
Dodge: Dodged            ||   129
